 Dungeon Crawl Stone Soup version 0.31-a0-361-g0f8bd3a31e (webtiles) character file.

Game seed: 4432872300211399584

129 IndexError the Slasher (level 5, -1/34 (43) HPs)
             Began as a Gnoll Reaver on July 27, 2023.
             Slain by an orc wizard
             ... wielding a +0 dagger
              (4 damage)
             ... on level 3 of the Dungeon.
             The game lasted 00:03:14 (1712 turns).

IndexError the Slasher (Gnoll Reaver)               Turns: 1712, Time: 00:03:15

HP:   -1/34 (43)    AC:  3    Str: 12    XL:     5   Next: 12%
MP:   12/12         EV: 12    Int: 14    God:
Gold: 56            SH:  0    Dex: 10    Spells: 13/14 levels left

rFire   . . .        a - +0 falchion
rCold   . . .        (no shield)
rNeg    . . .        b - +0 leather armour
rPois   .            (no helmet)
rElec   .            (no cloak)
rCorr   .            (no gloves)
SInv    .            (no boots)
Will    .....        (no amulet)
Stlth   +            (no ring)
HPRegen 0.25/turn    (no ring)
MPRegen 0.13/turn

%: no passive effects
@: confused, heavily drained
A: fangs 1, strong nose, distributed training
a: no special abilities


You were on level 3 of the Dungeon.
You visited 1 branch of the dungeon, and saw 3 of its levels.

You collected 56 gold pieces.

Inventory:

Hand Weapons
 a - a +0 falchion (weapon)
Armour
 b - a +0 leather armour (worn)
 g - a +0 cloak
   (You found it on level 1 of the Dungeon)
 k - a +0 helmet
   (You found it on level 2 of the Dungeon)
Scrolls
 d - a scroll of fog {unknown}
 e - a scroll of torment {unknown}
 f - a scroll of enchant armour {unknown}
 h - a scroll of vulnerability {unknown}
 i - a scroll of teleportation {unknown}
 l - a scroll of immolation {unknown}
 m - a scroll of fear {unknown}
Potions
 c - a potion of heal wounds {unknown}
 j - a potion of curing {unknown}


   Skills:
 + Level 4.7 Fighting
 + Level 1.4 Short Blades
 + Level 6.6 Long Blades
 + Level 1.4 Axes
 + Level 1.4 Maces & Flails
 + Level 1.4 Polearms
 + Level 1.4 Staves
 + Level 1.4 Ranged Weapons
 + Level 1.4 Throwing
 + Level 1.4 Armour
 + Level 4.7 Dodging
 + Level 1.4 Stealth
 + Level 1.4 Shields
 + Level 1.4 Unarmed Combat
 + Level 5.1 Spellcasting
 + Level 5.5 Conjurations
 + Level 1.1 Hexes
 + Level 1.1 Summonings
 + Level 1.1 Necromancy
 + Level 1.1 Translocations
 + Level 1.1 Transmutations
 + Level 1.1 Fire Magic
 + Level 1.1 Ice Magic
 + Level 1.1 Air Magic
 + Level 1.1 Earth Magic
 + Level 1.1 Poison Magic
 + Level 1.5 Invocations
 + Level 1.4 Evocations
 + Level 1.1 Shapeshifting


You had 13 spell levels left.
You knew the following spells:

 Your Spells              Type           Power      Damage    Failure   Level
a - Kiss of Death         Conj/Necr      48%        2d9       5%          1

Your spell library contained the following spells:

 Spells                   Type           Power      Damage    Failure   Level
 Momentum Strike          Conj/Tloc      24%        3d8       9%          2
 Hailstorm                Conj/Ice       12%        3d5       17%         3


Dungeon Overview and Level Annotations

Branches:
Dungeon (3/15)

Altars:

Shops:
D:2 [


Innate Abilities, Weirdness & Mutations

You have very sharp teeth.
Your uncanny sense of smell can sniff out nearby items.
Your experience applies equally to all skills.


Message History

You climb upwards.
There is a stone staircase leading down here.
You climb downwards.
There is a stone staircase leading up here.
Done exploring.
Done exploring.
You see here a +0 club.
There is a stone staircase leading down here.
You climb downwards.
There is a stone staircase leading up here.
You climb upwards.
There is a stone staircase leading down here.
There is a stone staircase leading down here.
You climb downwards.
There is a stone staircase leading up here.
You climb upwards.
There is a stone staircase leading down here.
You see here 6 boomerangs.
Things that are here:
a +0 robe; a +0 dagger You see here a +0 dagger.
There is a stone staircase leading down here.
You climb downwards.
There is a stone staircase leading up here.
There is a stone staircase leading up here.
An orc comes into view. It is wielding a +0 short sword.
The orc shouts!
An orc and an orc wizard come into view.
An orc comes into view. It is wielding a +0 club.
The orc wizard shouts!
The orc shouts!
The orc barely misses you.
You hit the orc but do no damage.
Casting: Kiss of Death (safe; 5% risk of failure)
Confirm with . or Enter, or press ? or * to list all spells.
Aiming: Kiss of Death (safe; 5% risk of failure)
Press: ? - help, Shift-Dir - straight line, f - orc wizard
Aim: an orc wizard, wielding a +0 dagger and wearing a +0 robe (100% to hit)
The negative energy hits the orc wizard.
The orc wizard is drained!
You feel drained. The orc hits you but does no damage.
You take 7 damage, and have 33/33 hp.
MASSIVE DAMAGE!!
You now have 11/12 mp.
You hit the orc wizard. Your bite misses the orc wizard.
The orc wizard hits you with a +0 dagger.
You take 1 damage, and have 32/33 hp.
You hit the orc wizard but do no damage.
The orc wizard barely misses you. The orc hits you but does no damage.
The orc misses you.
You hit the orc wizard but do no damage.
The orc hits you with a +0 short sword. The orc hits you but does no damage.
The orc wizard points at you and mumbles some strange words.
The puff of flame hits you.
You take 7 damage, and have 25/33 hp.
MASSIVE DAMAGE!!
You barely miss the orc wizard. The orc wizard misses you.
The orc hits you with a +0 short sword. The orc closely misses you.
You take 2 damage, and have 23/33 hp.
The orc closely misses you.
The orc wizard mumbles some strange words.
The orc wizard flickers and vanishes!
Deactivating autopickup; reactivate with Ctrl-A.
You slash the orc!
MP restored: 12 You closely miss the orc.
You bite the orc, but do no damage. The orc barely misses you.
You barely miss the orc. You bite the orc, but do no damage.
The orc hits you with a +0 short sword.
You take 2 damage, and have 22/33 hp.
You barely miss the orc. The orc hits you but does no damage.
You closely miss the orc. The orc barely misses you.
You barely miss the orc. The orc misses you.
You closely miss the orc. The orc hits you with a +0 short sword.
You take 1 damage, and have 22/33 hp.
You hit the orc. The orc hits you with a +0 short sword.
You take 2 damage, and have 20/33 hp.
You hit the orc but do no damage. The orc hits you with a +0 short sword.
You take 2 damage, and have 18/33 hp.
You closely miss the orc. The orc barely misses you.
You barely miss the orc. The orc closely misses you.
You hit the orc. You barely miss something. Your bite misses something.
You hear some strange, mumbled words.
A puff of flame appears from out of thin air!
The puff of flame hits you!
* * * LOW HITPOINT WARNING * * *
You take 10 damage, and have 9/34 hp.
MASSIVE DAMAGE!!
You closely miss something. You miss something. You bite something.
Something hits you but does no damage.
You completely miss something.
You hear some strange, mumbled words.
You are confused.
You're too confused to cast spells.
Sorry, you're not good enough to have a special ability.
Unknown command.
You miss something.
You hear some strange, mumbled words.
A magic dart appears from out of thin air!
The magic dart hits you!
* * * LOW HITPOINT WARNING * * *
You take 7 damage, and have 3/34 hp.
MASSIVE DAMAGE!!
You bump into the rock wall.
Something hits you.
You die...

#..# #.# #
#..# #(#.#
#..# #.#.#
#..#
#.#.#####
######..#
#........
........#
#........
#.o#
#<.......
##{#
##.......
#@#
#.#####
.######.#
.#
.......<#
#
########.#
.........#
.#########


You could see an orc.

Vanquished Creatures
  Jessica (D:2)
  Natasha (thrice) (D:2)
  2 dart slugs
  2 orcs (D:3)
  2 bats
  An endoplasm (D:1)
  3 giant cockroaches
  3 goblins (D:2)
  3 hobgoblins
  A kobold (D:1)
  A ball python (D:1)
  2 rats (D:1)
24 creatures vanquished.

Notes
Turn   | Place    | Note
-------+----------+-------------------------------------------
     0 | D:1      | IndexError the Gnoll Reaver began the quest for the Orb.
     0 | D:1      | Reached XP level 1. HP: 20/20 MP: 6/6
   159 | D:1      | Reached XP level 2. HP: 26/26 MP: 7/7
   641 | D:2      | Found Acyutemu's Antique Armour Shop.
   791 | D:2      | Noticed Natasha
   798 | D:2      | Killed Natasha
   799 | D:2      | Reached skill level 5 in Spellcasting
   799 | D:2      | Reached skill level 1 in Invocations
   799 | D:2      | Reached XP level 3. HP: 20/31 MP: 6/9
   899 | D:2      | Noticed Jessica
   903 | D:2      | Killed Jessica
   904 | D:2      | Reached skill level 1 in Short Blades
   904 | D:2      | Reached skill level 1 in Axes
   904 | D:2      | Reached skill level 1 in Maces & Flails
   904 | D:2      | Reached skill level 1 in Polearms
   904 | D:2      | Reached skill level 1 in Staves
   904 | D:2      | Reached skill level 1 in Ranged Weapons
   904 | D:2      | Reached skill level 1 in Throwing
   904 | D:2      | Reached skill level 1 in Armour
   904 | D:2      | Reached skill level 1 in Stealth
   904 | D:2      | Reached skill level 1 in Shields
   904 | D:2      | Reached skill level 1 in Unarmed Combat
   904 | D:2      | Reached skill level 1 in Evocations
   904 | D:2      | Reached XP level 4. HP: 33/36 MP: 9/11
  1042 | D:2      | Noticed Natasha
  1055 | D:2      | Killed Natasha
  1056 | D:2      | Reached skill level 1 in Hexes
  1056 | D:2      | Reached skill level 1 in Summonings
  1056 | D:2      | Reached skill level 1 in Necromancy
  1056 | D:2      | Reached skill level 1 in Translocations
  1056 | D:2      | Reached skill level 1 in Transmutations
  1056 | D:2      | Reached skill level 1 in Fire Magic
  1056 | D:2      | Reached skill level 1 in Ice Magic
  1056 | D:2      | Reached skill level 1 in Air Magic
  1056 | D:2      | Reached skill level 1 in Earth Magic
  1056 | D:2      | Reached skill level 1 in Poison Magic
  1056 | D:2      | Reached skill level 1 in Shapeshifting
  1474 | D:2      | Noticed Natasha
  1482 | D:2      | Killed Natasha
  1483 | D:2      | Reached XP level 5. HP: 32/40 MP: 9/12
  1711 | D:3      | HP: 3/34 [something/magic dart (7)]
  1712 | D:3      | Slain by an orc wizard

Illustrated notes

Levels and vault maps discovered:
D:1:      dpeg_arrival_tiny_i, layout_loops_cross
D:2:      layout_loops_ring, serial_shops, shop, uniq_jessica, uniq_natasha
D:3:      layout_basic, nicolae_elyvilon_temple_path

Skill      XL: |  1  2  3  4 |
---------------+-------------+-----
Spellcasting   | 5 |  5.1
Invocations    | 1 |  1.5
Short Blades   | 1 |  1.4
Axes           | 1 |  1.4
Maces & Flails | 1 |  1.4
Polearms       | 1 |  1.4
Staves         | 1 |  1.4
Ranged Weapons | 1 |  1.4
Throwing       | 1 |  1.4
Armour         | 1 |  1.4
Stealth        | 1 |  1.4
Shields        | 1 |  1.4
Unarmed Combat | 1 |  1.4
Evocations     | 1 |  1.4
Hexes          | 1 |  1.1
Summonings     | 1 |  1.1
Necromancy     | 1 |  1.1
Translocations | 1 |  1.1
Transmutations | 1 |  1.1
Fire Magic     | 1 |  1.1
Ice Magic      | 1 |  1.1
Air Magic      | 1 |  1.1
Earth Magic    | 1 |  1.1
Poison Magic   | 1 |  1.1
Shapeshifting  | 1 |  1.1
Fighting       | |  4.7
Long Blades    | |  6.6
Dodging        | |  4.7
Conjurations   | |  5.5

Action                     |  1- 3 |  4- 6 || total
---------------------------+-------+-------++-------
  Melee: Falchion          |    50 |    51 ||   101
         Bite              |     1 |     4 ||     5
   Cast: Kiss of Death     |     2 |     2 ||     4
 Armour: Leather armour    |    11 |     8 ||    19
  Dodge: Dodged            |    36 |    24 ||    60

Table legend: (Time is in decaauts)
 A = Elapsed time spent in this place.
 B = Non-inter-level travel time spent in this place.
 C = Inter-level travel time spent in this place.
 D = Time resting spent in this place.
 E = Time spent auto-exploring this place.
 F = Levels seen in this place.
 G = Mean time per level.
                   A        B        C        D        E       F      G
               +--------+--------+--------+--------+--------+-----+--------+
         Total |   1719 |   1481 |    238 |      0 |   1248 |   3 |  573.0 |
       Dungeon |   1719 |   1481 |    238 |      0 |   1248 |   3 |  573.0 |
               +--------+--------+--------+--------+--------+-----+--------+

Top non-repeatable levels by time:
     D:2: 954 daAuts
     D:1: 728 daAuts
     D:3: 36 daAuts

Levels and vault maps discovered:
D:1:      dpeg_arrival_tiny_i, layout_loops_cross
D:2:      layout_loops_ring, serial_shops, shop, uniq_jessica, uniq_natasha
D:3:      layout_basic, nicolae_elyvilon_temple_path

Table legend: (Time is in decaauts)
 A = Elapsed time spent in this place.
 B = Non-inter-level travel time spent in this place.
 C = Inter-level travel time spent in this place.
 D = Time resting spent in this place.
 E = Time spent auto-exploring this place.
 F = Levels seen in this place.
 G = Mean time per level.
                   A        B        C        D        E       F      G
               +--------+--------+--------+--------+--------+-----+--------+
         Total |   1719 |   1481 |    238 |      0 |   1248 |   3 |  573.0 |
       Dungeon |   1719 |   1481 |    238 |      0 |   1248 |   3 |  573.0 |
               +--------+--------+--------+--------+--------+-----+--------+

Top non-repeatable levels by time:
     D:2: 954 daAuts
     D:1: 728 daAuts
     D:3: 36 daAuts

Table legend:
 A = Kills in this place as a percentage of kills in the entire game.
 B = Kills by you in this place as a percentage of kills by you in the entire game.
 C = Kills by friends in this place as a percentage of kills by friends in the entire game.
 D = Other kills in this place as a percentage of other kills in the entire game.
 E = Experience gained in this place as a percentage of experience gained in the entire game.
 F = Experience gained in this place divided by the number of levels of this place that you have seen.
                   A       B       C       D       E      F
               +-------+-------+-------+-------+-------+----------------------
         Total | 100.0 | 100.0 |   N/A |   N/A | 100.0 |  61.7
       Dungeon | 100.0 | 100.0 |   N/A |   N/A | 100.0 |  61.7
               +-------+-------+-------+-------+-------+----------------------
